 Dungeon Crawl Stone Soup version 0.27-a0-416-gca2cecf3c0 (webtiles) character file.

Game seed: 18371457751376704831

37919 mandarbmax the Warrior (level 13, -10/153 HPs)
             Began as an Ogre Transmuter on Feb 24, 2021.
             Was a High Priest of Makhleb.
             Mangled by Rupert
             ... wielding a +6 battleaxe of electrocution
              (43 damage)
             ... on level 4 of the Lair of Beasts on Feb 25, 2021.
             The game lasted 01:01:44 (24043 turns).

mandarbmax the Warrior (Ogre Transmuter)           Turns: 24043, Time: 01:01:44

Health: -10/153    AC: 11    Str: 17    XL:     13   Next: 99%
Magic:  8/22       EV: 14    Int: 18    God:    Makhleb [*****.]
Gold:   903        SH:  5    Dex: 15    Spells: 3/24 levels left

rFire    . . .     SeeInvis .     - Unarmed
rCold    + + .     Faith    .   (shield currently unavailable)
rNeg     . . .     Spirit   .   t - +1 robe {rC+}
rPois    .         Reflect  +   (helmet restricted)
rElec    .         Harm     .   a - +2 cloak {rC+}
rCorr    .         Rampage  .   (gloves unavailable)
Will     +....     Rnd*Rage +   (boots unavailable)
Stlth    +.........             j - amulet of reflection
HPRegen  0.35/turn              Q - +4 ring of protection
MPRegen  0.18/turn              u - +6 ring of dexterity

@: blade hands
A: large, unfitting armour, berserk 1, tough skin 1
a: End Transformation, Renounce Religion, Minor Destruction, Lesser Servant of
Makhleb, Major Destruction, Greater Servant of Makhleb


You were on level 4 of the Lair of Beasts.
You worshipped Makhleb.
Makhleb was extremely pleased with you.
You had blades for hands.
You visited 2 branches of the dungeon, and saw 16 of its levels.
You also visited: Gauntlet and Ice Cave.

You collected 1558 gold pieces.
You spent 655 gold pieces at shops.

Inventory:

Missiles
 b - 15 curare-tipped darts
 e - 15 javelins
 h - 5 atropa-tipped darts
 o - 37 poisoned darts
 r - 2 boomerangs of dispersal
 B - 6 large rocks
 D - 3 boomerangs (quivered)
Armour
 a - a +2 cloak of cold resistance (worn)
 t - a +1 robe of cold resistance (worn)
 W - a scarf of shadows
Jewellery
 j - an amulet of reflection (around neck)
 k - a ring of resist corrosion
 m - a ring of protection from fire
 u - a +6 ring of dexterity (right scythe-like blade)
 A - a ring of protection from cold
 F - a ring of see invisible
 I - a ring of poison resistance
 Q - a +4 ring of protection (left scythe-like blade)
 X - a ring of wizardry
 Y - the ring "Coramn" {rF+ rC+}
   (You found it in a Gauntlet)

   [ring of protection from cold]

   It protects you from fire.
   It protects you from cold.
Wands
 n - a wand of polymorph (5)
 v - a wand of paralysis (28)
 G - a wand of acid (35)
 M - a wand of iceblast (42)
 O - a wand of random effects (9)
 Z - a wand of charming (10)
Scrolls
 c - 20 scrolls of teleportation
 f - 5 scrolls of fog
 i - 7 scrolls of immolation
 l - 2 scrolls of amnesia
 q - 6 scrolls of fear
 y - a scroll of enchant weapon
 C - 2 scrolls of blinking
 H - a scroll of brand weapon
 N - a scroll of magic mapping
 P - a scroll of enchant armour
 T - a scroll of identify
Potions
 d - 2 potions of lignification
 g - 2 potions of curing
 p - 2 potions of mutation
 s - 3 potions of flight
 w - a potion of haste
 x - a potion of attraction
 z - 6 potions of brilliance
 E - 4 potions of cancellation
 L - a potion of magic
 V - a potion of ambrosia
Miscellaneous
 J - a condenser vane (inert)


   Skills:
 + Level 16.3 Fighting
 - Level 8.0 Dodging
 * Level 11.2 Unarmed Combat
 - Level 6.0 Spellcasting
 - Level 2.0 Necromancy
 - Level 6.0 Transmutations
 * Level 2.8 Ice Magic
 - Level 2.0 Air Magic
 * Level 9.3 Invocations
 - Level 4.0 Evocations


You had 3 spell levels left.
You knew the following spells:

 Your Spells              Type           Power        Failure   Level
a - Blade Hands           Tmut           13%          71%         5
b - Wereblood             Tmut           27%          19%         2
c - Spider Form           Tmut/Pois      8%           47%         3
d - Swiftness             Air            12%          41%         2
e - Corpse Rot            Necr/Air       N/A          41%         2
f - Ozocubu's Armour      Ice            15%          47%         3
g - Ice Form              Ice/Tmut       21%          61%         4

Your spell library contained the following spells:

 Spells                   Type           Power        Failure   Level
 Beastly Appendage        Tmut           54%          16%         1
 Freeze                   Ice            60%          28%         1
 Shock                    Conj/Air       36%          41%         1
 Frozen Ramparts          Ice            30%          47%         3
 Magic Dart               Conj           20%          50%         1
 Searing Ray              Conj           10%          61%         2
 Static Discharge         Conj/Air       9%           67%         3
 Confusing Touch          Hex            5%           77%         3
 Dazzling Flash           Conj/Hex       10%          77%         3
 Gell's Gravitas          Tloc           2%           77%         3
 Summon Guardian Golem    Hex/Summ       5%           77%         3
 Petrify                  Tmut/Erth      16%          77%         4
 Airstrike                Air            6%           85%         4
 Hailstorm                Conj/Ice       10%          89%         4
 Summon Ice Beast         Ice/Summ       10%          89%         4
 Yara's Violent Unravell  Hex/Tmut       8%           95%         5
 Fulminant Prism          Conj/Hex       2%           97%         4
 Iskenderun's Mystic Bla  Conj/Tloc      5%           97%         4
 Lightning Bolt           Conj/Air       4%           99%         5
 Metabolic Englaciation   Hex/Ice        5%           99%         5
 Freezing Cloud           Conj/Ice/Air   5%           100%        6
 Simulacrum               Ice/Necr       7%           100%        6
 Ozocubu's Refrigeration  Ice            7%           100%        7


Dungeon Overview and Level Annotations

Branches:
Dungeon (12/15)            Temple (0/1) D:6            Lair (4/6) D:8
 Shoals (0/4) Lair:2        Snake (0/4) Lair:2          Orc (0/2) D:11
  IceCv (visited)         Gauntlet (visited)

Altars:
Dithmenos
Fedhas
Gozag
Hepliaklqana
Makhleb
Qazlal
The Shining One

Shops:
D:7 *   D:9 ?   D:11 ?[:

Annotations:
D:11 3 runed translucent doors, HendSelp's ghost, journeyman GnFi
Lair:3 exclusion: 4 oklob plants
Lair:4 Rupert


Innate Abilities, Weirdness & Mutations

You are too large for most types of armour.
You have tough skin. (AC +1)
You tend to lose your temper in combat.


Message History

Rupert looks confused.
Rupert yells loudly at you.
You suddenly lose the ability to move!
Rupert hits you with a +6 battleaxe of electrocution!
Rupert hits you with a +6 battleaxe of electrocution.
Rupert roars wildly at you.
You are confused.
Your magical contamination has completely faded away.
You can move again.
Unknown command.
Unknown command.
Unknown command.
Your icy armour will break if you move.
Continue?
Okay, then.
Your icy armour will break if you move.
Continue? [Y]es or [N]o only, please.
Your icy armour will break if you move.
Continue?
Okay, then.
Okay, then.
You are too confused!
Your magical effects are unravelling.
You feel magically purged.
Your icy armour evaporates.
Your hands revert to their normal proportions.
You feel less confused.
Rupert roars madly and goes into a rage!
Rupert goes berserk!
A demon appears!
Rupert hits you with a +6 battleaxe of electrocution!
You are electrocuted!!
Casting: Blade Hands (dangerous; 28% risk of failure)
Confirm with . or Enter, or press ? or * to list all spells.
Your hands turn into razor-sharp scythe blades.
Rupert hits you with a +6 battleaxe of electrocution!!
* * * LOW HITPOINT WARNING * * *
Unknown command.
You slice Rupert!! Your slash misses Rupert.
Rupert is moderately wounded.
Rupert hits you with a +6 battleaxe of electrocution!!!
You die...

!#. #........ ..
##........
..#...........
.#..........#
##...........##
..<..........#
..#$@2..#....##
...#@..#......#
#.#..##......#
#............##
##..##....(...##
##..........P.###
#
#...............##
#.................
##.........#......
#P................


You could see Rupert (berserk, ally target) and a friendly blizzard demon
(summoned).

Vanquished Creatures
  A minotaur (Gauntlet)
  Josephine (Lair:4)
  Fannar (Lair:3)
  A hydra (D:11)
  A catoblepas (Lair:2)
  A centaur warrior (D:11)
  10 death yaks
  An obsidian statue (Gauntlet)
  Pikel (D:9)
  2 ugly things (D:11)
  A necromancer (IceCv)
  A cyclops (D:8)
  Maurice (D:9)
  3 elephants (Lair:3)
  An ice statue (IceCv)
  A black mamba (Lair:1)
  7 cane toads
  A torpor snail (Gauntlet)
  4 komodo dragons
  4 rime drakes
  6 freezing wraiths (IceCv)
  A queen bee (Gauntlet)
  A troll (D:10)
  A wolf spider simulacrum (IceCv)
  Grinder (D:4)
  A hornet (D:8)
  A snapping turtle (Lair:2)
  6 wraiths
  A wyvern (D:8)
  31 yaks
  6 basilisks
  A death yak simulacrum (IceCv)
  Edmund (D:6)
  2 wargs (D:11)
  14 water moccasins
  6 orc warriors
  4 sky beasts
  6 ice beasts (IceCv)
  3 black bears
  An alligator simulacrum (IceCv)
  6 ogres
  A wolf (Lair:2)
  2 centaurs (D:11)
  4 lemures (D:9)
  5 phantoms
  A kobold brigand (D:8)
  11 bullfrogs
  17 killer bees
  3 scorpions
  An electric eel (Lair:2)
  6 howler monkeys
  4 wights (D:10)
  A bullfrog zombie (D:5)
  2 draconian simulacra (IceCv)
  A quasit (D:7)
  4 orc priests
  4 hounds
  A bullfrog skeleton (D:11)
  A centaur skeleton (D:7)
  6 jellies
  5 iguanas
  3 iron imps (D:3)
  11 orc wizards
  A spriggan simulacrum (IceCv)
  5 troll simulacra (IceCv)
  13 worker ants
  A killer bee zombie (D:7)
  A wolf simulacrum (IceCv)
  5 centaur simulacra (IceCv)
  A hound skeleton (D:7)
  A howler monkey skeleton (D:5)
  12 adders
  4 naga simulacra (IceCv)
  3 ogre simulacra (IceCv)
  3 shadow imps
  16 white imps
  2 ufetubi
  3 adder zombies
  An ooze (D:1)
  2 adder skeletons
  2 worms
  A dart slug (D:3)
  7 leopard geckos
  45 orcs
  4 giant cockroaches
  4 goblins (D:1)
  8 hobgoblins
  13 jackals
  10 kobolds
  A ball python (D:3)
  2 bats (D:1)
  3 frilled lizards
  A jackal zombie (D:4)
  3 quokka skeletons
  3 rats
  2 bushes (Lair:2)
421 creatures vanquished.

Vanquished Creatures (collateral kills)
  4 freezing wraiths (IceCv)
4 creatures vanquished.

Vanquished Creatures (others)
  An orc (D:8)
  7 fungi
  28 plants
  3 toadstools (D:6)
39 creatures vanquished.

Grand Total: 464 creatures vanquished

Notes
Turn   | Place    | Note
-------+----------+-------------------------------------------
     0 | D:1      | mandarbmax the Ogre Transmuter began the quest for the Orb.
     0 | D:1      | Reached XP level 1. HP: 19/19 MP: 3/3
   253 | D:1      | Reached XP level 2. HP: 28/28 MP: 3/5
   534 | D:1      | Learned a level 2 spell: Wereblood
   811 | D:1      | Reached skill level 2 in Fighting
   948 | D:2      | Found a blossoming altar of Fedhas.
   952 | D:2      | Reached XP level 3. HP: 35/35 MP: 4/7
  1134 | D:2      | Found a hazy altar of Hepliaklqana.
  1893 | D:3      | Found a glowing golden altar of the Shining One.
  2008 | D:3      | Reached XP level 4. HP: 35/44 MP: 5/8
  2582 | D:3      | Reached skill level 3 in Fighting
  2703 | D:3      | Found a burning altar of Makhleb.
  2731 | D:3      | Reached skill level 4 in Fighting
  2731 | D:3      | Reached XP level 5. HP: 51/54 MP: 6/9
  2738 | D:3      | Reached skill level 5 in Fighting
  2780 | D:3      | Became a worshipper of Makhleb the Destroyer
  2851 | D:3      | Learned a level 3 spell: Spider Form
  3250 | D:4      | Reached XP level 6. HP: 64/66 MP: 6/10
  3605 | D:4      | Reached skill level 6 in Fighting
  3829 | D:4      | Reached XP level 7. HP: 75/75 MP: 8/11
  4007 | D:4      | Reached skill level 7 in Fighting
  4276 | D:4      | Noticed Grinder
  4290 | D:4      | Reached skill level 1 in Invocations
  4296 | D:4      | Killed Grinder
  4296 | D:4      | Reached * piety under Makhleb
  4297 | D:4      | Reached XP level 8. HP: 68/88 MP: 7/12
  4916 | D:5      | Entered Level 5 of the Dungeon
  5404 | D:5      | Reached skill level 5 in Unarmed Combat
  5404 | D:5      | Reached skill level 1 in Evocations
  5630 | D:5      | Reached skill level 8 in Fighting
  6517 | D:6      | Noticed Edmund
  6530 | D:6      | Killed Edmund
  6536 | D:6      | Reached XP level 9. HP: 29/97 MP: 1/13
  6866 | D:6      | Found a staircase to the Ecumenical Temple.
  7410 | D:6      | Found an opulent altar of Gozag.
  7425 | D:6      | Identified Wozesh's Incunabulum of Creative Weightlessness
  7748 | D:6      | Learned a level 2 spell: Swiftness
  8090 | D:7      | Reached ** piety under Makhleb
  8296 | D:7      | Reached skill level 9 in Fighting
  8296 | D:7      | Reached skill level 1 in Air Magic
  8859 | D:7      | Found Washug's General Store.
  8867 | D:7      | Bought a potion of cancellation for 104 gold pieces
  8867 | D:7      | Bought a wand of acid (6) for 260 gold pieces
  9285 | D:7      | Reached *** piety under Makhleb
  9447 | D:8      | Reached XP level 10. HP: 101/109 MP: 7/14
  9451 | D:8      | Found a staircase to the Lair.
  9865 | D:8      | Noticed a cyclops
  9872 | D:8      | Killed a cyclops
  9873 | D:8      | Reached skill level 10 in Fighting
 10110 | D:8      | Reached skill level 11 in Fighting
 10597 | D:7      | Reached skill level 12 in Fighting
 11671 | D:9      | Learned a level 2 spell: Corpse Rot
 11718 | D:9      | Found Woenkyiq's Magic Scroll Shop.
 11721 | D:9      | Bought a scroll of fear for 35 gold pieces
 11721 | D:9      | Bought a scroll of identify for 20 gold pieces
 11721 | D:9      | Bought a scroll of blinking for 75 gold pieces
 11791 | D:9      | Noticed Pikel
 11796 | D:9      | Paralysed by Pikel for 6 turns
 11807 | D:9      | Killed Pikel
 11808 | D:9      | Reached skill level 13 in Fighting
 11914 | D:9      | Reached XP level 11. HP: 127/127 MP: 12/15
 11923 | D:9      | Reached skill level 5 in Invocations
 12396 | D:9      | Found a stormy altar of Qazlal.
 12424 | D:9      | Reached **** piety under Makhleb
 12440 | D:9      | Noticed Maurice
 12471 | D:9      | Killed Maurice
 12472 | D:9      | Reached skill level 5 in Dodging
 12472 | D:9      | Reached skill level 5 in Transmutations
 12725 | D:10     | Entered Level 10 of the Dungeon
 14222 | D:11     | Noticed a centaur warrior
 14222 | D:11     | Noticed a cyan ugly thing
 14237 | D:11     | Killed a cyan ugly thing
 14252 | D:11     | Killed a centaur warrior
 14391 | D:11     | Found a shadowy altar of Dithmenos.
 14427 | D:11     | Found a runed translucent gate.
 14427 | D:11     | Found a runed translucent gate.
 14427 | D:11     | Noticed HendSelp's ghost (journeyman GnFi)
 14428 | D:11     | Found a runed translucent gate.
 14428 | D:11     | Noticed a phantasmal warrior
 14505 | D:11     | Found a staircase to the Orcish Mines.
 14875 | D:11     | Found Odwaischi's Armour Boutique.
 15022 | D:11     | Found Hadgh's Book Emporium.
 15035 | D:11     | Noticed a six-headed hydra
 15040 | D:11     | Killed a six-headed hydra
 15222 | D:11     | Noticed a red ugly thing
 15233 | D:11     | Killed a red ugly thing
 15304 | D:11     | Found Cyxihil's Magic Scroll Boutique.
 15314 | D:11     | Bought a scroll of magic mapping for 59 gold pieces
 15314 | D:11     | Bought a scroll of identify for 34 gold pieces
 15314 | D:11     | Bought a scroll of identify for 34 gold pieces
 15314 | D:11     | Bought a scroll of identify for 34 gold pieces
 15674 | Lair:1   | Entered Level 1 of the Lair of Beasts
 15693 | Lair:1   | Learned a level 5 spell: Blade Hands
 15742 | Lair:1   | Reached XP level 12. HP: 137/137 MP: 13/19
 15850 | Lair:1   | Reached skill level 5 in Spellcasting
 16192 | Lair:1   | Reached skill level 14 in Fighting
 16822 | Lair:2   | Found a frozen archway.
 16835 | IceCv    | Entered an ice cave
 18014 | IceCv    | Found an ancient bone altar of Kikubaaqudgha.
 18033 | IceCv    | Reached skill level 10 in Unarmed Combat
 18277 | IceCv    | Upgraded the game from 0.27-a0-412-g8dd771eca2 to
                  | 0.27-a0-416-gca2cecf3c0
 18704 | IceCv    | Reached skill level 15 in Fighting
 18851 | Lair:2   | Found a staircase to the Snake Pit.
 19107 | Lair:2   | Noticed a catoblepas
 19197 | Lair:2   | Reached ***** piety under Makhleb
 19406 | Lair:2   | Killed a catoblepas
 19901 | Lair:2   | Reached XP level 13. HP: 144/150 MP: 16/22
 20215 | Lair:2   | Found a staircase to the Shoals.
 20709 | Lair:3   | Found a gate leading to a gauntlet.
 20725 | Gauntlet | Entered a Gauntlet
 20725 | Gauntlet | Found a transporter.
 20725 | Gauntlet | Found a transporter.
 20781 | Gauntlet | Found a transporter.
 20793 | Gauntlet | Found a transporter.
 20811 | Gauntlet | Found a transporter.
 20811 | Gauntlet | Found a transporter.
 20811 | Gauntlet | Found a transporter.
 20813 | Gauntlet | Found a transporter.
 20813 | Gauntlet | Found a transporter.
 20823 | Gauntlet | Noticed a blizzard demon
 20828 | Gauntlet | Found a transporter.
 20841 | Gauntlet | Found a transporter.
 20844 | Gauntlet | Noticed a great orb of eyes
 20848 | Gauntlet | Found a transporter.
 20865 | Gauntlet | Found a transporter.
 20885 | Gauntlet | Found a transporter.
 21078 | Gauntlet | Reached skill level 1 in Necromancy
 21330 | Gauntlet | Gained mutation: You tend to lose your temper in combat. [a
                  | neqoxec]
 21341 | Gauntlet | Identified a twitching pewter ring
 21358 | Gauntlet | Noticed a minotaur
 21372 | Gauntlet | Killed a minotaur
 21376 | Gauntlet | Identified an encrusted scale mail
 21836 | Lair:3   | Reached skill level 16 in Fighting
 21941 | Lair:3   | Noticed Fannar
 21954 | Lair:3   | Killed Fannar
 23021 | Lair:4   | Learned a level 3 spell: Ozocubu's Armour
 23026 | Lair:4   | Learned a level 4 spell: Ice Form
 23089 | Lair:4   | Reached skill level 1 in Ice Magic
 23946 | Lair:4   | Noticed Josephine
 23954 | Lair:4   | Killed Josephine
 24026 | Lair:4   | Noticed Rupert
 24035 | Lair:4   | Paralysed by Rupert for 4 turns
 24043 | Lair:4   | Mangled by Rupert

Illustrated notes

Levels and vault maps discovered:
D:1:      dpeg_arrival_rhombus, layout_loops_ring, minmay_tetromino_t2
D:2:      minmay_diamond_boxcup, layout_basic, overflow_temple_1_default,
          fedhas_altar_2
D:3:      layout_basic, tso_metal_star, demons_altar
D:4:      layout_loops_ring, uniq_grinder
D:5:      layout_gridville
D:6:      layout_basic, grunt_gozag_statues, minmay_temple_entry_ruins,
          minmay_gold_behind_fungi, kennysheep_generic_room_11, uniq_edmund
D:7:      minmay_polygon_palace, layout_basic, serial_shops, shop
D:8:      layout_cave_pools, minmay_lair_entry_grove, minmay_circle_x
D:9:      layout_basic, nicolae_qazlal_general_emergency, serial_shops,
          nicolae_shop_behind_doors, uniq_pikel, uniq_maurice
D:10:     layout_loops_ring
D:11:     layout_gridville, david_orc_1_choice, serial_shops, shop_scrolls,
          shop, kennysheep_mini, gammafunk_ghost_split, basic_altar
D:12:     layout_roguey, maelrawn_ghost_gauntlet_escape,
          kb_lookout_dungeons_type
Lair:1:   layout_regular_city, grunt_megastairs_1
Lair:2:   nzn_winding_woodlands_cross [nzn_winding_woodlands_5x15_sidewinder,
          nzn_winding_woodlands_5x15_jagged,
          nzn_winding_woodlands_5x15_longhouse,
          nzn_winding_woodlands_5x15_lazy_stream,
          nzn_winding_woodlands_15x15_killbox], layout_chaotic_city,
          minmay_shoals_entry_hut, portal_ice_cave_rime, wad_woods_06
Lair:3:   layout_big_grid, gauntlet_entry_generic, minmay_lair_oklob_chamber,
          uniq_fannar
Lair:4:   layout_cave_pods, uniq_rupert, uniq_josephine

Skill      XL: |  1  2  3  4  5  6  7  8  9 10 11 12 13 |
---------------+----------------------------------------+-----
Dodging        | 2 3 4 6 7 8 |  8.0
Unarmed Combat | 3 4 5 7 8 10 11 | 11.2
Transmutations | 2 3 4 6 |  6.0
Fighting       | 2 4 5 6 7 8 9 13 15 16 | 16.3
Spellcasting   | 3 4 6 |  6.0
Invocations    | 2 4 6 7 9 |  9.3
Evocations     | 2 4 |  4.0
Air Magic      | 2 |  2.0
Necromancy     | 2 |  2.0
Ice Magic      | 2 |  2.8

Action                   |  1- 3 |  4- 6 |  7- 9 | 10-12 | 13-15 || total
-------------------------+-------+-------+-------+-------+-------++-------
Melee: Unarmed           |   108 |   105 |   342 |   629 |   236 ||  1420
       Kick              |    17 |     6 |       |     1 |       ||    24
       Headbutt          |    14 |     8 |       |     1 |       ||    23
       Punch             |       |     3 |       |    16 |    11 ||    30
Throw: Dart              |     2 |     1 |    21 |     3 |       ||    27
       Large rock        |       |       |       |     4 |       ||     4
 Cast: Beastly Appendage |    29 |    10 |     1 |     1 |       ||    41
       Wereblood         |     1 |     1 |    12 |    21 |     6 ||    41
       Spider Form       |       |     9 |    56 |    56 |       ||   121
       Blade Hands       |       |       |       |    29 |    24 ||    53
       Corpse Rot        |       |       |       |     2 |       ||     2
       Swiftness         |       |       |       |     1 |     4 ||     5
       Ozocubu's Armour  |       |       |       |       |     2 ||     2
Invok: Minor Destruction |       |       |       |    29 |     8 ||    37
       Lesser Servant of |       |       |       |     9 |     2 ||    11
       Greater Servant o |       |       |       |       |     1 ||     1
Evoke: Condenser vane    |       |       |       |     1 |     1 ||     2
       Wand              |       |       |       |     1 |       ||     1
  Use: Potion            |       |     3 |     1 |    10 |     6 ||    20
       Scroll            |       |       |    16 |    11 |     2 ||    29
 Stab: Sleeping          |     1 |       |       |       |       ||     1
       Invisible         |       |       |       |     1 |       ||     1
       Distracted        |       |       |       |     1 |       ||     1
Armor: Robe              |    31 |    11 |     3 |    49 |    28 ||   122
       Skin              |       |     6 |     9 |    22 |    32 ||    69
Dodge: Dodged            |    50 |    40 |   220 |   430 |   106 ||   846
Block: Other             |       |    14 |    58 |   139 |    30 ||   241
       Reflection        |       |     1 |       |     7 |       ||     8

Table legend: (Time is in decaauts)
 A = Elapsed time spent in this place.
 B = Non-inter-level travel time spent in this place.
 C = Inter-level travel time spent in this place.
 D = Time resting spent in this place.
 E = Time spent auto-exploring this place.
 F = Levels seen in this place.
 G = Mean time per level.
                   A        B        C        D        E       F      G
               +--------+--------+--------+--------+--------+-----+--------+
         Total |  23918 |  23268 |    650 |   5709 |  13970 |  18 | 1328.8 |
       Dungeon |  15562 |  15013 |    549 |   3047 |   9895 |  12 | 1296.8 |
          Lair |   5304 |   5203 |    101 |    829 |   3557 |   4 | 1326.0 |
      Ice Cave |   1992 |   1992 |      0 |   1222 |    333 |   1 | 1992.0 |
      Gauntlet |   1058 |   1058 |      0 |    611 |    185 |   1 | 1058.0 |
               +--------+--------+--------+--------+--------+-----+--------+

Top non-repeatable levels by time:
     D:7: 2593 daAuts
   IceCv: 1992 daAuts
  Lair:2: 1917 daAuts
     D:4: 1791 daAuts
    D:11: 1466 daAuts
    D:10: 1433 daAuts
     D:3: 1432 daAuts
  Lair:3: 1365 daAuts
     D:6: 1351 daAuts
     D:9: 1346 daAuts
     D:5: 1314 daAuts
  Lair:1: 1081 daAuts
Gauntlet: 1058 daAuts
     D:2: 954 daAuts
     D:1: 946 daAuts
